Map: Ephemeron LE

Players

SpeCial - Winner!

  • Race: Terran Terran
  • League: Master
  • Spawn Location: 5:00

DPGCure (Cure)

  • Race: Terran Terran
  • League: Master
  • Spawn Location: 11:00

VOD

Have the link to the VOD?

Description

Time

  • Played on: Jan. 14, 2020, 4:57 p.m.
  • Length: 16:13
Show
View Real Time Build Order
Export as new Build Order

SpeCial Terran - Winner!

Build Orders:  

Get SALT Encoding   

  12  0:01  SCV  
  13  0:13  SCV  
  14  0:17  Supply Depot  
  14  0:25  SCV  
  14  0:28  Refinery  
  15  0:38  SCV  
  16  0:44  Barracks  
  16  0:50  SCV  
  17  1:03  SCV  
  18  1:15  SCV  
  19  1:31  Marine, Orbital Command  
  19  1:32  Factory  
  20  1:41  Supply Depot  
  20  1:49  Reaper  
  21  1:58  SCV  
  22  2:10  Command Center  
  22  2:15  SCV  
  23  2:19  Hellion  
  25  2:23  Reaper  
  25  2:27  SCV  
  27  2:30  Refinery  
  27  2:39  SCV  
  27  2:44  Hellion  
  29  2:48  Supply Depot  
  29  2:51  SCV  
  29  2:55  Reaper  
  30  3:02  Starport  
  30  3:03  SCV  
  31  3:13  Factory Tech Lab  
  31  3:15  SCV  
  30  3:27  SCV  
  30  3:29  Orbital Command  
  30  3:31  Refinery  
  30  3:32  Barracks Reactor  
  31  3:39  SCV  
  31  3:40  Factory Tech Lab  
  32  3:47  Banshee  
  35  3:51  SCV  
  35  3:55  SCV  
  37  3:59  Cyclone  
  40  4:04  SCV  
  40  4:07  SCV  
  40  4:09  Marine  
  41  4:10  Marine  
  41  4:14  Supply Depot  
  44  4:17  SCV  
  44  4:19  SCV  
  45  4:29  SCV  
  45  4:30  Raven  
  49  4:31  SCV  
  49  4:38  Command Center  
  49  4:40  Marine  
  49  4:41  Marine  
  49  4:44  SCV x2  
  53  4:48  Siege Tank  
  56  4:55  Supply Depot  
  56  4:56  SCV x2  
  56  4:58  Marine x2  
  60  5:08  SCV  
  60  5:09  SCV  
  59  5:20  SCV, Siege Tank  
  63  5:24  Marine  
  63  5:25  Viking x2  
  63  5:26  Stimpack  
  68  5:30  SCV  
  68  5:33  SCV  
  68  5:34  Refinery  
  70  5:40  Supply Depot  
  70  5:49  Marine  
  72  5:50  SCV, Orbital Command  
  72  5:51  SCV  
  72  5:52  Siege Tank  
  72  5:57  Viking x2  
  78  6:02  SCV  
  81  6:04  Barracks x2  
  81  6:07  Marine  
  81  6:08  Orbital Command  
  81  6:09  SCV  
  83  6:14  SCV  
  84  6:24  Supply Depot  
  84  6:25  Marine  
  85  6:27  Viking x2  
  85  6:28  SCV, Siege Tank  
  93  6:33  Supply Depot  
  93  6:39  Engineering Bay  
  93  6:40  Engineering Bay  
  93  6:42  SCV x2  
  93  6:45  SCV  
  90  6:54  SCV x2  
  78  6:59  Viking  
  78  7:00  Siege Tank  
  78  7:01  Viking  
  73  7:04  Marine  
  73  7:07  SCV  
  70  7:10  Barracks Reactor x2  
  70  7:12  SCV  
  69  7:16  SCV  
  69  7:18  Terran Infantry Weapons Level 1  
  69  7:19  SCV, Missile Turret  
  69  7:22  Marine  
  72  7:25  Combat Shield  
  72  7:27  SCV, Terran Infantry Armor Level 1  
  72  7:28  Barracks  
  72  7:29  SCV, Barracks  
  74  7:31  SCV  
  75  7:39  SCV, Command Center  
  75  7:40  Marine  
  75  7:41  SCV  
  75  7:42  Siege Tank  
  75  7:43  SCV  
  82  7:47  Refinery  
  82  7:48  Refinery  
  82  7:51  Marine x2, SCV, Sensor Tower  
  83  7:53  Marine, SCV  
  83  7:57  SCV  
  88  7:59  Marine, Medivac  
  88  8:03  SCV, Medivac  
  88  8:05  SCV  
  95  8:09  Marine x3  
  95  8:11  Supply Depot x2  
  98  8:13  SCV  
  98  8:15  SCV  
  98  8:16  Barracks Reactor  
  98  8:17  Marine, Barracks Reactor  
  101  8:20  SCV  
  101  8:22  Marine, Armory  
  101  8:25  SCV  
  104  8:27  Marine x2  
  104  8:28  Siege Tank  
  109  8:34  Marine, Supply Depot  
  109  8:35  Marine  
  109  8:39  Marine  
  112  8:44  Medivac  
  112  8:45  Marine x2, Medivac  
  118  8:53  Marine x3  
  118  8:55  Marine x2  
  123  8:57  Marine  
  123  9:02  Factory, Barracks Reactor, Supply Depot x2  
  124  9:03  Marine x2  
  124  9:04  Siege Tank  
  128  9:10  Marine  
  128  9:11  Marine x2  
  128  9:13  Marine x2, Terran Infantry Weapons Level 2  
  128  9:15  SCV x3, Marine  
  137  9:19  Viking x2  
  137  9:20  Marine  
  137  9:21  Marine  
  143  9:28  Marine, Terran Infantry Armor Level 2  
  143  9:29  Marine x2  
  143  9:31  Marine x2  
  148  9:33  Marine  
  148  9:35  Planetary Fortress  
  148  9:37  Marine x2  
  151  9:38  Marine x2  
  151  9:40  SCV  
  151  9:41  SCV  
  151  9:43  Refinery  
  151  9:44  Siege Tank  
  158  9:46  Marine  
  158  9:48  Marine x3, Supply Depot  
  158  9:49  Marine, Supply Depot  
  158  9:51  Marine  
  163  9:55  Marine  
  164  10:00  Refinery  
  164  10:02  Missile Turret  
  164  10:05  Marine  
  164  10:09  Marine x3  
  164  10:10  Marine x4, Medivac x2, Terran Vehicle Weapons Level 1, Siege Tank  
  164  10:11  Marine  
  178  10:18  Marine  
  178  10:23  Marine  
  178  10:27  Marine  
  180  10:33  Marine x2  
  180  10:35  Starport  
  180  10:36  Starport  
  180  10:40  Medivac  
  180  10:47  Supply Depot x2  
  180  10:56  Supply Depot  
  180  10:57  Command Center  
  180  10:59  Marine x2  
  180  11:05  Marine x2  
  180  11:06  Supply Depot  
  180  11:07  Medivac  
  180  11:08  Marine x5  
  180  11:09  Marine, Siege Tank x2  
  190  11:11  SCV x2  
  190  11:17  Marine x2  
  192  11:23  Marine x2  
  194  11:26  Marine x2  
  194  11:29  Marine  
  194  11:30  Marine  
  194  11:31  Marine  
  194  11:32  Marine  
  180  11:35  Marine  
  180  11:38  Marine  
  174  11:41  Marine x2, Viking, Siege Tank x2  
  174  11:44  Marine x2  
  186  11:47  Marine  
  186  11:48  Marine  
  186  11:49  Marine  
  186  11:50  Marine  
  186  11:53  Marine  
  190  11:56  Marine  
  190  11:59  Marine x2  
  180  12:02  Marine x2  
  180  12:05  Marine  
  180  12:06  Marine  
  180  12:07  Marine x2  
  167  12:11  Marine  
  167  12:13  Marine, Siege Tank x2  
  165  12:16  SCV x2  
  165  12:17  Marine x2  
  165  12:20  Marine x2  
  171  12:23  Marine  
  171  12:24  Marine  
  171  12:25  Marine x2  
  171  12:28  Marine  
  173  12:31  Marine  
  173  12:34  Marine x2  
  173  12:35  Starport Tech Lab  
  172  12:37  Marine  
  172  12:39  SCV x3  
  172  12:43  Starport Tech Lab  
  171  12:44  Marine  
  171  12:45  Marine x2  
  171  12:47  Marine  
  175  12:55  Terran Infantry Weapons Level 3  
  175  12:56  SCV x3  
  178  13:00  Marine x3  
  178  13:01  Marine  
  182  13:08  Raven  
  182  13:09  Raven  
  182  13:11  Marine  
  186  13:13  Marine  
  186  13:14  Marine  
  186  13:15  Marine  
  186  13:18  Marine  
  189  13:20  Marine  
  189  13:21  Marine  
  187  13:32  Marine x2  
  181  13:36  Marine  
  181  13:38  Marine x2, Siege Tank  
  179  13:47  Marine  
  179  13:48  Command Center  
  176  13:54  Marine  
  177  13:56  Supply Depot  
  177  14:00  Marine x3  
  180  14:05  Raven  
  181  14:13  Refinery  
  181  14:17  Raven, SCV x2, Medivac x2  
  188  14:35  Corvid Reactor  
  187  14:48  Marine, Sensor Tower  
  187  14:50  Marine  
  187  14:52  Marine  
  189  14:59  Marine x4, Siege Tank x2  
  199  15:01  Raven  
  199  15:14  Orbital Command  
  199  15:17  Refinery  
  199  15:23  Marine  
  199  15:32  Marine x4  
  199  15:33  Marine  
  199  15:34  Marine x3  
  167  15:39  Marine  
  167  15:40  Siege Tank  
  167  15:42  Marine  
  162  15:49  Marine x2  
  163  15:50  Marine x2  
  163  15:51  Marine x2  
  163  15:52  Marine x2  
Show
View Real Time Build Order
Export as new Build Order

DPGCure Terran 

Build Orders:  

Get SALT Encoding   

  12  0:00  SCV  
  13  0:12  SCV  
  14  0:16  Supply Depot  
  14  0:24  SCV  
  14  0:27  Refinery  
  15  0:38  SCV  
  16  0:44  Barracks  
  16  0:50  SCV  
  16  0:55  Refinery  
  17  1:02  SCV  
  18  1:14  SCV  
  19  1:30  Orbital Command  
  19  1:32  Factory  
  19  1:35  Reaper  
  20  1:44  Supply Depot  
  20  1:57  SCV  
  21  2:07  Reaper  
  22  2:09  SCV  
  23  2:16  Hellion  
  23  2:21  SCV  
  26  2:30  Command Center  
  26  2:33  SCV  
  27  2:38  Supply Depot  
  27  2:44  Reaper  
  27  2:45  Hellion  
  27  2:47  SCV  
  31  2:57  Starport  
  31  2:59  SCV  
  32  3:12  SCV  
  32  3:13  Hellion  
  32  3:16  Barracks Tech Lab  
  34  3:24  SCV  
  32  3:35  Refinery  
  32  3:37  SCV  
  32  3:39  Starport Tech Lab  
  32  3:40  Barracks Reactor  
  32  3:41  Cyclone, Orbital Command  
  36  3:49  SCV  
  37  3:57  Raven  
  37  4:01  SCV  
  39  4:10  SCV  
  39  4:13  SCV, Siege Tank  
  44  4:17  Marine x2  
  44  4:20  Supply Depot  
  44  4:23  SCV  
  47  4:25  SCV  
  47  4:35  SCV, Marine x2  
  47  4:37  SCV  
  51  4:40  Raven  
  51  4:41  Supply Depot  
  53  4:47  SCV  
  53  4:49  SCV  
  53  4:51  Cyclone  
  58  4:53  Marine x2, Supply Depot  
  58  4:59  SCV  
  61  5:01  SCV  
  60  5:11  Marine x2, SCV  
  60  5:13  SCV  
  63  5:17  Command Center  
  63  5:25  Raven  
  63  5:26  Cyclone  
  68  5:28  Marine x2  
  68  5:30  SCV x2  
  68  5:34  Supply Depot  
  72  5:39  Engineering Bay  
  72  5:42  SCV x2  
  74  5:46  Marine x2  
  74  5:49  Refinery  
  76  5:50  Supply Depot  
  76  5:54  SCV x2  
  78  6:00  Engineering Bay  
  78  6:02  Cyclone  
  81  6:07  Missile Turret  
  81  6:08  Missile Turret  
  81  6:11  SCV x2  
  83  6:15  Starport Reactor  
  83  6:17  Marine  
  83  6:18  Stimpack  
  84  6:26  Barracks  
  84  6:28  SCV x2  
  84  6:30  Barracks  
  86  6:33  Orbital Command  
  86  6:36  Marine  
  87  6:41  Siege Tank  
  78  6:50  SCV x2  
  78  6:53  Marine  
  77  6:59  Orbital Command  
  68  7:02  SCV  
  68  7:06  Terran Infantry Weapons Level 1, Terran Infantry Armor Level 1  
  63  7:09  SCV  
  63  7:11  Marine  
  63  7:14  SCV, Barracks  
  63  7:15  Barracks  
  63  7:16  Siege Tank  
  63  7:19  Starport Reactor  
  63  7:21  SCV  
  63  7:22  Marine x4  
  69  7:25  SCV  
  69  7:26  SCV  
  74  7:31  Marauder  
  74  7:34  SCV  
  76  7:37  SCV  
  76  7:38  SCV  
  76  7:39  Supply Depot x2  
  76  7:40  Marine x4  
  82  7:46  SCV  
  82  7:49  SCV  
  82  7:50  SCV  
  85  7:52  Marauder  
  85  7:53  Siege Tank  
  85  7:55  Refinery x2  
  85  7:56  Medivac  
  85  7:57  Combat Shield, Medivac  
  94  7:59  Armory  
  94  8:03  Barracks Tech Lab x2  
  94  8:04  SCV x2  
  94  8:05  SCV  
  97  8:08  Marine x3  
  97  8:10  Marine  
  101  8:13  Marauder  
  101  8:16  SCV  
  101  8:17  SCV x2  
  101  8:19  Supply Depot  
  106  8:21  Marauder  
  106  8:22  Marauder  
  110  8:36  Marine x2, Marauder  
  110  8:38  Marine x2, Medivac x2  
  110  8:40  Command Center  
  120  8:41  SCV x2  
  120  8:42  SCV  
  120  8:47  Supply Depot  
  123  8:58  SCV x3, Factory  
  123  9:02  Marine x2, Barracks Reactor  
  126  9:03  Marine x3  
  126  9:04  Sensor Tower  
  126  9:06  Sensor Tower  
  126  9:08  Siege Tank  
  126  9:09  Barracks Reactor  
  134  9:11  Supply Depot  
  134  9:13  Supply Depot, Viking  
  136  9:17  Viking  
  136  9:20  Marine x2  
  140  9:25  SCV  
  141  9:31  Supply Depot, Terran Infantry Weapons Level 2  
  141  9:33  SCV x2, Supply Depot, Terran Infantry Armor Level 2  
  141  9:36  Terran Vehicle Weapons Level 1  
  141  9:37  Barracks Reactor  
  143  9:40  Marine x5  
  143  9:41  Marine  
  149  9:45  Viking  
  149  9:47  Viking  
  149  9:52  Planetary Fortress  
  153  9:55  SCV  
  153  9:56  SCV x2  
  156  10:06  Marine x4  
  156  10:07  Siege Tank x2  
  166  10:10  Refinery x2  
  166  10:11  Supply Depot  
  166  10:19  Marine x6  
  166  10:21  Viking x2  
  174  10:23  Marine x2  
  169  10:36  Marine x2  
  169  10:37  Marine x4  
  169  10:39  Siege Tank x2  
  177  10:46  Marine x4  
  181  10:51  Viking x2  
  185  11:01  Command Center  
  185  11:03  Marine x4  
  187  11:11  Marine x2, Siege Tank x2  
  189  11:17  Marine x4  
  193  11:20  Marine, Viking  
  196  11:28  Viking  
  196  11:32  Marine x4  
  176  11:35  Marine x5  
  176  11:38  Marine  
  171  11:43  Siege Tank x2  
  163  11:56  Marine  
  163  11:58  Marine x3  
  163  11:59  Marine  
  151  12:12  Marine x2  
  151  12:14  Orbital Command  
  148  12:17  Terran Infantry Armor Level 3, Terran Infantry Weapons Level 3  
  148  12:18  Supply Depot, Terran Vehicle Weapons Level 2  
  148  12:19  Marine x5, Supply Depot x2  
  148  12:20  Marine  
  148  12:21  Supply Depot  
  144  12:22  Supply Depot  
  144  12:25  Viking x2  
  146  12:33  Marine  
  146  12:34  Marine  
  138  12:39  Marine  
  138  12:40  Siege Tank x2  
  138  12:43  Marine  
  148  12:57  Barracks Reactor  
  146  13:02  SCV x4  
  150  13:10  Command Center  
  143  13:21  Siege Tank x2  
  143  13:22  Viking  
  151  13:28  Marine x2  
  151  13:29  Marine x2  
  145  13:34  Viking  
  145  13:37  Marine x2  
  125  13:49  Marine x2  
  125  13:50  Marine x2  
  120  13:56  Marine x2  
  120  14:01  SCV  
  123  14:03  SCV  
  123  14:06  Marine  
  125  14:13  SCV  
  125  14:15  SCV  
  125  14:24  Medivac  
  125  14:30  Orbital Command  
  127  14:34  SCV x2  
  128  14:46  SCV x2, Viking  
  132  14:52  Supply Depot  
  131  15:09  Sensor Tower  
  131  15:14  Marine, SCV  
  131  15:18  Supply Depot x3  
  133  15:26  Refinery x2  
  133  15:29  Marine  
  133  15:30  Marine x5  
  133  15:31  Marine, SCV  
  133  15:32  Viking x2, Orbital Command  
Tags
 
Add a new tag
Caveats
  • Supply blocks, unpowered buildings, or Contaminate may cause inaccurate times.
  • Supply counts are checked every 10 seconds.